 Dungeon Crawl Stone Soup version 0.30-a0-1160-g6e42c06551 (webtiles) character file.

Game seed: 10776864966601085829

953 Lavandula the Cutter (level 7, 0/48 HPs)
             Began as a Mummy Wanderer on Apr 26, 2023.
             Was an Initiate of Yredelemnul.
             Slain by Pikel
             ... wielding a +1 whip of electrocution
              (14 damage)
             ... on level 6 of the Dungeon.
             The game lasted 00:12:15 (5431 turns).

Lavandula the Cutter (Mummy Wanderer)               Turns: 5431, Time: 00:12:15

Health: 0/48       AC:  4    Str: 19    XL:     7   Next: 90%
Magic:  0/11       EV: 11    Int: 15    God:    Yredelemnul [......]
Gold:   250        SH:  0    Dex: 12    Spells: 2/11 levels left

rFire   . . .        f - +1 dagger (elec)
rCold   + . .        (no shield)
rNeg    + + +        j - +0 leather armour
rPois   ∞            (no helmet)
rElec   .            (no cloak)
rCorr   .            (no gloves)
SInv    .            d - +0 pair of boots
Will    .....        m - amulet of guardian spirit
Stlth   +            a - ring of protection from fire
HPRegen 0.28/turn    h - +6 ring of strength
MPRegen 0.12/turn

%: guardian spirit, faith
@: no status effects
A: cold resistance 1, negative energy resistance 3, torment resistance 2, heat
vulnerability 1, in touch with death 1, no potions, faith
a: Renounce Religion, Recall Undead Harvest


You were on level 6 of the Dungeon.
You worshipped Yredelemnul.
Yredelemnul was noncommittal.
You visited 1 branch of the dungeon, and saw 6 of its levels.

You collected 250 gold pieces.

Inventory:

Hand Weapons
 f - a +1 dagger of electrocution (weapon)
Armour
 c - a +0 robe
 d - a +0 pair of boots (worn)
 j - a +0 leather armour (worn)
 k - a +0 buckler
Jewellery
 a - a ring of protection from fire (left hand)
 h - a +6 ring of strength (right hand)
 m - an amulet of guardian spirit (around neck)
Wands
 p - a wand of flame (9)
Scrolls
 b - 2 scrolls of butterflies
 e - 6 scrolls of identify
 g - 2 scrolls of poison
 i - a scroll of amnesia
 l - a scroll of torment
 o - a scroll of teleportation


   Skills:
 - Level 1.0 Fighting
 + Level 6.1 Short Blades
 - Level 1.5 Dodging
 - Level 2.6 Spellcasting
 - Level 1.0 Conjurations
 - Level 6.0 Necromancy
 - Level 2.0 Evocations


You had 2 spell levels left.
You knew the following spells:

 Your Spells              Type           Power      Damage    Failure   Level
a - Necrotise             Necr           100%       1d9       1%          1
b - Kiss of Death         Conj/Necr      72%        2d10      6%          1
c - Mephitic Cloud        Conj/Pois/Air  3%         N/A       54%         3
d - Animate Dead          Necr           30%        N/A       21%         4

Your spell library contained the following spells:

 Spells                   Type           Power      Damage    Failure   Level
 Shock                    Conj/Air       12%        1d3       21%         1


Dungeon Overview and Level Annotations

Branches:
Dungeon (6/15)             Temple (0/1) D:6

Altars:
Ashenzari
Okawaru
Uskayaw
Yredelemnul

Annotations:
D:6 Duvessa, Pikel


Innate Abilities, Weirdness & Mutations

You are immune to poison.
Your flesh is cold resistant. (rC+)
You are immune to negative energy. (rN+++)
You are immune to unholy pain and torment.
You are vulnerable to heat. (rF-)
You are in touch with the powers of death.
You do not drink.
You have a special connection with the divine. (Faith)


Message History

The lemure is almost dead.
The bolt of light hits Pikel!!
Pikel is heavily wounded.
Pikel is blinded.
The lemure hits you but does no damage. The lemure barely misses you.
Unknown command.
You closely miss the lemure.
The lemure is almost dead.
The lemure hits you!
Unknown command.
You hit Pikel but do no damage.
Pikel is heavily wounded.
Unknown command.
You hit Pikel.
Pikel is heavily wounded.
The lemure closely misses you.
Unknown command.
You closely miss Pikel.
Pikel is heavily wounded.
The lemure hits you!
Pikel hits you with a +1 whip of electrocution.
Unknown command.
You hit Pikel but do no damage.
Pikel is heavily wounded.
Unknown command.
Aiming: Bolt of Light
Press: ? - help, Shift-Dir - straight line, f - Pikel, p - lemure
Aim: Pikel, wielding a +1 whip of electrocution and wearing a +0 robe (heavily wounded, blind, 64% to hit)
The bolt of light hits Pikel!
Pikel is severely wounded.
The now-empty wand crumbles to dust.
Pikel barely misses you.
You catch the helpless Pikel completely off-guard!
You hit Pikel.
Pikel is almost dead.
The lemure misses you. The lemure barely misses you.
Pikel hits you with a +1 whip of electrocution.
* * * LOW HITPOINT WARNING * * *
You are electrocuted!!
You die...
Yredelemnul claims you as an undead slave.

#. ..#.... ##
#.# ##. .# #..
.# #.##### #
#.K.K.#
#.###.########
#.###'##5....#
#5#....5@....#
#.#....K.....#
#.))).)......#
#<#..........#
###..........#
##.........#
##.####.###
..# .# ### #


You could see Pikel (blind) and 2 lemures.

Vanquished Creatures
  Maggie (D:6)
  A lemure (D:6)
  A scorpion (D:4)
  2 hounds
  2 orc priests
  4 iguanas
  3 orc wizards
  Robin (D:3)
  A gnoll (D:5)
  6 adders
  2 worms
  A dart slug (D:2)
  6 orcs
  11 ball pythons
  6 bats
  6 endoplasms
  2 giant cockroaches
  3 goblins
  8 hobgoblins
  5 quokkas
  4 frilled lizards
  7 kobolds
  5 rats
88 creatures vanquished.

Vanquished Creatures (collateral kills)
  An ogre (D:5)
  A gnoll bouda (D:5)
  2 gnolls (D:5)
  An adder (D:5)
  An ufetubus (D:5)
  2 orcs
  A goblin (D:3)
9 creatures vanquished.

Vanquished Creatures (others)
  A human zombie (D:6)
  4 orc zombies (D:6)
  2 fungi (D:5)
7 creatures vanquished.

Grand Total: 104 creatures vanquished

Notes
Turn   | Place    | Note
-------+----------+-------------------------------------------
     0 | D:1      | Lavandula the Mummy Wanderer began the quest for the Orb.
     0 | D:1      | Lavandula set off with the following items: a +0 club, a
                  | scroll of butterflies, a +0 robe, a +0 pair of boots; and
                  | the following spells available to memorise: Necrotise, Kiss
                  | of Death, Shock, Animate Dead, Mephitic Cloud.
     0 | D:1      | Reached XP level 1. HP: 15/15 MP: 4/4
     2 | D:1      | Learned a level 1 spell: Necrotise
     4 | D:1      | Learned a level 1 spell: Kiss of Death
   275 | D:1      | Reached XP level 2. HP: 21/21 MP: 3/5
  1039 | D:2      | Gained mutation: You are in touch with the powers of death.
                  | [Mummy growth]
  1039 | D:2      | Reached XP level 3. HP: 26/26 MP: 2/7
  1043 | D:2      | Learned a level 3 spell: Mephitic Cloud
  1131 | D:2      | Reached skill level 1 in Short Blades
  2328 | D:3      | Reached XP level 4. HP: 27/31 MP: 4/8
  2445 | D:3      | Noticed Robin
  2457 | D:3      | Killed Robin
  2541 | D:3      | Found an iron altar of Okawaru.
  2952 | D:3      | Found a faded altar of an unknown god.
  3113 | D:3      | Found a hide-covered altar of Uskayaw.
  3420 | D:4      | Reached XP level 5. HP: 24/30 MP: 2/9
  3609 | D:4      | Learned a level 4 spell: Animate Dead
  3793 | D:4      | Reached skill level 5 in Necromancy
  4285 | D:4      | Reached XP level 6. HP: 18/38 MP: 0/10
  4469 | D:5      | Entered Level 5 of the Dungeon
  4548 | D:4      | Reached skill level 1 in Evocations
  4787 | D:5      | Reached XP level 7. HP: 30/48 MP: 3/11
  5106 | D:5      | Found a basalt altar of Yredelemnul.
  5111 | D:5      | Found a broken altar of Ashenzari.
  5216 | D:5      | Became a worshipper of Yredelemnul the Dark
  5233 | D:6      | Noticed Duvessa
  5250 | D:6      | Found a staircase to the Ecumenical Temple.
  5282 | D:6      | Noticed Maggie
  5297 | D:6      | Killed Maggie
  5297 | D:6      | Reached * piety under Yredelemnul
  5306 | D:6      | Reached ** piety under Yredelemnul
  5416 | D:6      | Your ally Maggie died
  5416 | D:6      | Noticed Pikel
  5431 | D:6      | Slain by Pikel

Illustrated notes

Levels and vault maps discovered:
D:1:      psy_arrival_fountain, layout_rooms, serial_bayou_pond_a
D:2:      layout_loops_ring, serial_co_window_serial, co_window_paths_a,
          co_window_paths_a, co_window_of_opportunity_a, co_window_paths_a,
          co_window_corner_a, co_window_of_opportunity_b, co_window_corner_cb,
          co_window_of_opportunity_b, co_window_corner_b, co_window_corner_b,
          co_window_of_opportunity_c, co_window_sun, glass_columns_c,
          glass_columns_c, glass_columns_a, feat_on_display
D:3:      layout_loops_corners, mainiacjoe_overflow_alcove_2,
          okawaru_ov_weapons_minmay, ebering_ecumenical_altar_box,
          dk_vineyard_3, uniq_robin
D:4:      layout_basic
D:5:      layout_rooms, mainiacjoe_overflow_big_doors, minivault_24
D:6:      layout_basic, grunt_temple_overflow_magic_moments,
          kennysheep_mini_moat, minmay_temple_entry_statues_fountains,
          uniq_eustachio, uniq_pikel, uniq_maggie, uniq_duvessa

Skill      XL: |  1  2  3  4  5  6  7 |
---------------+----------------------+-----
Short Blades   | 2 3 4 6 |  6.1
Necromancy     | 5 6 |  6.0
Evocations     | 2 |  2.0
Fighting       | |  1.0
Dodging        | |  1.5
Spellcasting   | |  2.6
Conjurations   | |  1.0

Action                     |  1- 3 |  4- 6 |  7- 9 || total
---------------------------+-------+-------+-------++-------
  Melee: Dagger            |     6 |    68 |    40 ||   114
         Club              |     2 |       |       ||     2
         Punch             |       |       |     2 ||     2
   Cast: Necrotise         |    73 |    57 |     7 ||   137
         Kiss of Death     |     1 |     4 |       ||     5
         Animate Dead      |       |     4 |       ||     4
  Evoke: Wand              |       |     1 |     8 ||     9
    Use: Scroll            |     3 |     1 |     3 ||     7
   Stab: Invisible         |       |     1 |     4 ||     5
 Armour: Robe              |     3 |       |       ||     3
         Leather armour    |       |    31 |     5 ||    36
  Dodge: Dodged            |    12 |    74 |    18 ||   104

Table legend: (Time is in decaauts)
 A = Elapsed time spent in this place.
 B = Non-inter-level travel time spent in this place.
 C = Inter-level travel time spent in this place.
 D = Time resting spent in this place.
 E = Time spent auto-exploring this place.
 F = Levels seen in this place.
 G = Mean time per level.
                   A        B        C        D        E       F      G
               +--------+--------+--------+--------+--------+-----+--------+
         Total |   5410 |   5086 |    324 |    123 |   4137 |   6 |  901.7 |
       Dungeon |   5410 |   5086 |    324 |    123 |   4137 |   6 |  901.7 |
               +--------+--------+--------+--------+--------+-----+--------+

Top non-repeatable levels by time:
     D:4: 1487 daAuts
     D:2: 1249 daAuts
     D:3: 1149 daAuts
     D:1: 832 daAuts
     D:5: 542 daAuts
     D:6: 149 daAuts
